 Dungeon Crawl Stone Soup version 0.28.0-45-g0d030f2227 (webtiles) character file.

Game seed: 14396249915907199870

39 nickcage the Cudgeller (level 3, -1/31 HPs)
             Began as a Minotaur Monk on Apr 12, 2022.
             Slain by a gnoll
             ... wielding a +0 spear
              (5 damage)
             ... on level 1 of the Dungeon.
             The game lasted 00:02:04 (1412 turns).

nickcage the Cudgeller (Minotaur Monk)              Turns: 1412, Time: 00:02:04

Health: -1/31      AC:  2    Str: 17    XL:     3   Next: 28%
Magic:  2/2        EV: 12    Int:  7    God:
Gold:   22         SH:  0    Dex: 12    Spells: 2/2 levels left

rFire   . . .      SeeInvis .   a - +0 mace
rCold   . . .      Faith    .   (no shield)
rNeg    . . .      Spirit   .   b - +0 robe
rPois   .          Reflect  .   (helmet restricted)
rElec   .          Harm     .   (no cloak)
rCorr   .          Rampage  .   (no gloves)
Will    .....                   (no boots)
Stlth   ++........              (no amulet)
HPRegen 0.10/turn               (no ring)
MPRegen 0.08/turn               (no ring)

@: no status effects
A: horns 2, retaliatory headbutt
a: no special abilities


You were on level 1 of the Dungeon.
You visited 1 branch of the dungeon, and saw 2 of its levels.

You collected 22 gold pieces.

Inventory:

Hand Weapons
 a - a +0 mace (weapon)
Missiles
 f - 4 poisoned darts (quivered)
 g - a throwing net
Armour
 b - a +0 robe (worn)
Scrolls
 c - a scroll of noise {unknown}
 d - 3 scrolls of identify {unknown}
Potions
 e - a potion of experience {unknown}


   Skills:
 - Level 3.6 Fighting
 + Level 5.3 Maces & Flails
 + Level 0.2 Throwing
 - Level 3.2 Dodging
 - Level 1.5 Stealth


You had 2 spell levels left.
You didn't know any spells.
Your spell library contained the following spells:

 Spells                   Type           Power      Damage    Failure   Level
 Gell's Gravitas          Tloc           0%         N/A       80%         3
 Lesser Beckoning         Tloc           0%         N/A       80%         3
 Teleport Other           Tloc           0%         N/A       80%         3


Dungeon Overview and Level Annotations

Branches:
Dungeon (2/15)

Altars:


Innate Abilities, Weirdness & Mutations

You have a pair of horns on your head.
You reflexively headbutt those who attack you in melee.


Message History

HP restored.
Items here: ( )) †.
You now have 22 gold pieces (gained 13).
A giant cockroach comes into view.
You see here 22 stones.
A gnoll comes into view. It is wielding a +0 spear.
The giant cockroach waves its antennae.
The giant cockroach bites you but does no damage.
The giant cockroach bites you.
The gnoll shouts!
You hit the giant cockroach. You headbutt the giant cockroach.
You punch the giant cockroach.
The giant cockroach is almost dead.
You hear a shout!
The giant cockroach barely misses you.
A gnoll comes into view. It is wielding a +0 whip.
You completely miss the giant cockroach.
The giant cockroach is almost dead.
The giant cockroach misses you.
A gnoll comes into view. It is wielding a +0 club.
The gnoll shouts!
You hit the giant cockroach.
You kill the giant cockroach!
A gnoll comes into view. It is wielding a +0 spear.
You see here 22 stones.
Items here: ( )) †.
The gnoll misses you. You furiously retaliate!
You headbutt the gnoll, but do no damage.
There is a stone staircase leading up here.
The gnoll hits you with a +0 spear! The gnoll closely misses you.
You climb upwards.
There is a stone staircase leading down here.
You hit the gnoll but do no damage. The gnoll hits you with a +0 spear.
The gnoll barely misses you. The gnoll hits you with a +0 spear.
You hit the gnoll.
The gnoll is lightly wounded.
The gnoll hits you with a +0 whip!
* * * LOW HITPOINT WARNING * * *
The gnoll hits you with a +0 spear.
You die...

..+.......###.....#......##......
..######..####....#.....[##...###
..# #...# #....#...........+..
..# #...# #......##........###
..## #...# #...##.##......>.# #
...# #...# #...##.##........#
##.# #...# #...##.##........#
#.#####...###...g..##........###
#........#.....@.....######.....
########.#.##..g..##.# #.....
##)#.##........# #.....
#....##......### #.....
#######......########.)...
###########.....##............
#.........#.....##............
#.........#.....##............
####.........########............


You could see 2 gnolls.

Vanquished Creatures
  An adder (D:2)
  A dart slug (D:1)
  3 endoplasms
  A giant cockroach (D:2)
  5 hobgoblins
  2 kobolds
  A quokka (D:1)
  2 ball pythons (D:1)
  A frilled lizard (D:1)
  5 goblins
  2 rats (D:1)
24 creatures vanquished.

Notes
Turn   | Place    | Note
-------+----------+-------------------------------------------
     0 | D:1      | nickcage the Minotaur Monk began the quest for the Orb.
     0 | D:1      | Reached XP level 1. HP: 19/19 MP: 0/0
   163 | D:1      | Reached skill level 4 in Maces & Flails
   579 | D:1      | Reached XP level 2. HP: 23/26 MP: 1/1
   688 | D:1      | Found a faded altar of an unknown god.
  1190 | D:2      | Reached skill level 5 in Maces & Flails
  1195 | D:2      | Reached XP level 3. HP: 12/31 MP: 2/2
  1412 | D:1      | Slain by a gnoll

Illustrated notes

Levels and vault maps discovered:
D:1:      dpeg_arrival_ternary, layout_basic,
          hellmonk_ecumenical_altar_crossroads
D:2:      cheibrodos_greedy_goblins, layout_basic, kennysheep_generic_room_13

Skill      XL: |  1  2 |
---------------+-------+-----
Maces & Flails | 4 5 |  5.3
Fighting       | |  3.6
Throwing       | |  0.2
Dodging        | |  3.2
Stealth        | |  1.5

Action                   || total
-------------------------++-------
Melee: Mace              ||    55
       Headbutt          ||     8
       Punch             ||     1
Throw: Dart              ||     5
 Stab: Sleeping          ||     3
Armor: Robe              ||    12
Dodge: Dodged            ||    28
